 Dungeon Crawl Stone Soup version 0.18.1-50-g88ac8fd (webtiles) character file.

39 GammafunkIsABaby the Chiller (level 3, 1/31 HPs)
             Began as a High Elf Ice Elementalist on June 9, 2018.
             Was an Initiate of Elyvilon.
             Quit the game on level 4 of the Dungeon.
             The game lasted 00:02:49 (192 turns).

GammafunkIsABaby the Chiller (HEIE)                  Turns: 192, Time: 00:02:49

Health: 1/31       AC: 21    Str:  8    XL:     3   Next: 26%
Magic:  3/8        EV:  2    Int: 18    God:    Elyvilon [......]
Gold:   10         SH:  0    Dex: 16    Spells: 1 memorised, 7 levels left

rFire  . . .     SeeInvis .     f - +0 spear (pierce)
rCold  . . .     Gourm    .     (armour currently unavailable)
rNeg   + + +     Faith    .     (no shield)
rPois  +         Spirit   .     (helmet currently unavailable)
rElec  .         Dismiss  .     (cloak currently unavailable)
rCorr  .         Reflect  .     (gloves currently unavailable)
SustAt .         Harm     .     (boots currently unavailable)
MR     .....     NoTele   +     (no amulet)
Stlth  +++.......               (no ring)
                                d - ring of positive energy

@: lethally poisoned (1 -> -7), tree-form, not resistant to hostile
enchantments, fairly stealthy
A: no striking features
a: Renounce Religion


You were on level 4 of the Dungeon.
You worshipped Elyvilon.
Elyvilon was noncommittal.
You were not hungry.
You were a tree.
You visited 1 branch of the dungeon, and saw 4 of its levels.

You collected 10 gold pieces.

Inventory:

Hand Weapons
 f - a +0 spear of piercing (weapon)
 g - a +2 whip of electrocution
Armour
 a - a +0 robe (melded)
Jewellery
 d - a ring of positive energy (left branch)
Scrolls
 e - 2 scrolls of identify {unknown}
Potions
 h - a potion of lignification
Books
 b - a book of Frost

   Spells                             Type                      Level
   a - Freeze                         Ice                          1
   b - Throw Frost                    Conjuration/Ice              2
   c - Ozocubu's Armour               Charms/Ice                   3
   d - Throw Icicle                   Conjuration/Ice              4
   e - Summon Ice Beast               Ice/Summoning                4
Comestibles
 c - a bread ration


   Skills:
 - Level 2.1 Dodging
 - Level 2.1 Stealth
 + Level 3.3 Spellcasting
   Level 1.1 Conjurations
 + Level 3.8 Ice Magic


You had 7 spell levels left.
You knew the following spells:

 Your Spells              Type           Power        Failure   Level  Hunger
a - Freeze                Ice            ###.         3%          1    None


Dungeon Overview and Level Annotations

Branches:
Dungeon (4/15)
 Temple: D:4-7

Altars:
Elyvilon


Message History

You feel sick. The orc completely misses you.
Unknown command.
Unknown command.
Casting: Freeze
Confirm with . or Enter, or press ? or * to list all spells.
Aiming: Freeze
Press: ? - help, Shift-Dir - straight line, f - orc
Aim: an orc, wielding a dagger and wearing a ring mail You freeze the orc.
The orc is severely wounded.
* * * LOW HITPOINT WARNING * * *
You feel sick. The orc hits you with a dagger.
* * * LOW HITPOINT WARNING * * *
Drink which item? (? for menu, Esc to quit)
It was a potion of lignification.
You turn into a tree.
Your +0 robe melds into your body.
Your roots penetrate the ground.
The orc hits you but does no damage.
Read which item? (? for menu, Esc to quit)
Okay, then.
Are you sure you want to abandon this character and quit the game? (Confirm with "yes".)

#.........#.#
#.....#(#.#.#########
....................
#..##.#.#.#.#........oo
#..............o.?...o.
..##.#.#.#.....#####.
#.#.#.###..o# #
#.#.#.#...o.#
#..##.#.#.#.##.♣#
#....<..#.#. #..#
#.#######.# #..# ..#
#..# #..# #..# #..#
#..#


You could see 3 orcs.

Vanquished Creatures
  A worker ant (D:4)
  An adder (D:2)
  A bat (D:3)
  A goblin (D:2)
  A hobgoblin (D:2)
  A kobold (D:2)
  A giant newt (D:2)
7 creatures vanquished.

Notes
Turn   | Place    | Note
--------------------------------------------------------------
     0 | D:1      | GammafunkIsABaby the High Elf Ice Elementalist began the quest for the Orb.
     0 | D:1      | Reached XP level 1. HP: 11/11 MP: 4/4
    56 | D:2      | Reached XP level 2. HP: 11/17 MP: 1/6
    66 | D:2      | Found a white marble altar of Elyvilon.
   109 | D:2      | Became a worshipper of Elyvilon the Healer
   189 | D:4      | Reached XP level 3. HP: 8/21 MP: 4/8
   190 | D:4      | HP: 1/21 [orc/dagger (5)]
   192 | D:4      | Quit the game

Skill      XL: |  1  2 |
---------------+-------+-----
Spellcasting   | 3 |  3.3
Dodging        | |  2.1
Stealth        | |  2.1
Conjurations   | |  1.1
Ice Magic      | |  3.8

Action                   || total
-------------------------++-------
Melee: Spear             ||    13
 Cast: Freeze            ||     8
  Use: Potion            ||     1
 Stab: Sleeping          ||     2
Armor: Robe              ||     3
       Skin              ||     1
Dodge: Dodged            ||     9
